 Dungeon Crawl Stone Soup version 0.27-a0-1048-g7ee7857c10 (webtiles) character file.

Game seed: 13043969808379202203

90 DarkShadow the Covered (level 4, -1/40 HPs)
             Began as a Minotaur Fighter on Apr 20, 2021.
             Slain by a gnoll
             ... wielding a +0 whip
              (4 damage)
             ... on level 3 of the Dungeon.
             The game lasted 00:05:10 (3006 turns).

DarkShadow the Covered (Minotaur Fighter)           Turns: 3006, Time: 00:05:11

Health: -1/40      AC:  8    Str: 21    XL:     4   Next: 32%
Magic:  3/3        EV:  7    Int:  5    God:
Gold:   65         SH:  9    Dex: 10    Spells: 3/3 levels left

rFire    . . .     SeeInvis .   a - +0 long sword
rCold    . . .     Faith    .   c - +0 kite shield
rNeg     . . .     Spirit   .   b - +0 scale mail
rPois    .         Reflect  .   (helmet restricted)
rElec    .         Harm     .   l - +0 cloak
rCorr    .         Rampage  .   (no gloves)
Will     .....                  (no boots)
Stlth    ..........             (no amulet)
HPRegen  0.13/turn              (no ring)
MPRegen  0.08/turn              (no ring)

@: no status effects
A: horns 2, retaliatory headbutt
a: no special abilities


You were on level 3 of the Dungeon.
You visited 1 branch of the dungeon, and saw 3 of its levels.

You collected 65 gold pieces.

Inventory:

Hand Weapons
 a - a +0 long sword (weapon)
Armour
 b - a +0 scale mail (worn)
 c - a +0 kite shield (worn)
 l - a +0 cloak (worn)
Scrolls
 e - 2 scrolls of identify {unknown}
 g - a scroll of magic mapping {unknown}
 j - a scroll of amnesia {unknown}
 k - a scroll of summoning {unknown}
 m - a scroll of immolation {unknown}
Potions
 d - a potion of might
 f - a potion of mutation {unknown}
 h - a potion of curing {unknown}
 i - a potion of cancellation {unknown}


   Skills:
 + Level 4.2 Fighting
 + Level 3.2 Long Blades
 + Level 4.5 Armour
 + Level 4.5 Shields


You had 3 spell levels left.
You didn't know any spells.
Your spell library was empty.

Dungeon Overview and Level Annotations

Branches:
Dungeon (3/15)

Altars:
Ashenzari
Kikubaaqudgha

Shops:
D:3 *


Innate Abilities, Weirdness & Mutations

You have a pair of horns on your head.
You reflexively headbutt those who attack you in melee.


Message History

You hit the gnoll. You headbutt the gnoll!
You kill the gnoll!
A gnoll comes into view. It is wielding a +0 whip.
The gnoll barely misses you.
Things that are here:
a +0 club; a scroll labelled ARAWEVVACE; a gnoll corpse The gnoll hits you with a +0 halberd.
You barely miss the gnoll. Your headbutt misses the gnoll.
The gnoll hits you with a +0 halberd. The gnoll hits you with a +0 halberd!
You closely miss the gnoll. Your headbutt misses the gnoll.
The gnoll hits you with a +0 halberd. The gnoll hits you with a +0 whip.
You are too injured to fight recklessly!
You are too injured to fight recklessly!
You are too injured to fight recklessly!
You are too injured to fight recklessly!
You are too injured to fight recklessly!
You are too injured to fight recklessly!
You are too injured to fight recklessly!
You are too injured to fight recklessly!
You are too injured to fight recklessly!
You are too injured to fight recklessly!
You are too injured to fight recklessly!
You are too injured to fight recklessly!
You are too injured to fight recklessly!
You are too injured to fight recklessly!
You are too injured to fight recklessly!
You are too injured to fight recklessly!
You are too injured to fight recklessly!
You closely miss the gnoll. You block the gnoll's attack.
The gnoll hits you with a +0 whip.
* * * LOW HITPOINT WARNING * * *
The gnoll hits you with a +0 halberd!
* * * LOW HITPOINT WARNING * * *
You hit the gnoll.
The gnoll is lightly wounded.
You block the gnoll's attack. x2
You hit the gnoll.
The gnoll is heavily wounded.
The gnoll hits you with a +0 whip.
You die...

.#.###.#...##.#.###.#..##.####..#
...........##.#..........8...#...
#..###.#..###.#..##.#..#..##.##.#
#..# #.#..#........>...##.......#
#..# #.#..#.#.#........##..#.####
#..# #.#..#...#...)##..##........
...# #.............##.###....####
#.######..#..##gg#.##.# #....#
.............##.@#.##.###....#
#########....##.)#.##........#
..## #.<................#.#
...######.#..###.............#
..........#...........####.##
...########.########.... # ..##
#...# ##... ### #.### ###. #.#
#.#


You could see 2 gnolls.

Vanquished Creatures
  A gnoll (D:3)
  4 adders (D:2)
  6 endoplasms
  3 giant cockroaches (D:2)
  2 goblins
  5 hobgoblins
  7 quokkas
  3 ball pythons
  3 bats
  2 frilled lizards
  2 kobolds (D:3)
  4 rats (D:1)
42 creatures vanquished.

Notes
Turn   | Place    | Note
-------+----------+-------------------------------------------
     0 | D:1      | DarkShadow the Minotaur Fighter began the quest for the
                  | Orb.
     0 | D:1      | Reached XP level 1. HP: 19/19 MP: 0/0
   300 | D:1      | Reached XP level 2. HP: 14/27 MP: 1/1
  1197 | D:2      | Found a faded altar of an unknown god.
  1228 | D:2      | Reached XP level 3. HP: 33/33 MP: 2/2
  1237 | D:2      | Found a broken altar of Ashenzari.
  1879 | D:2      | Reached XP level 4. HP: 40/40 MP: 3/3
  2378 | D:3      | Found Goseuxe's Assorted Antiques.
  2775 | D:3      | Found an ancient bone altar of Kikubaaqudgha.
  3004 | D:3      | HP: 2/40 [gnoll/+0 halberd (10)]
  3006 | D:3      | Slain by a gnoll

Illustrated notes

Levels and vault maps discovered:
D:1:      saegor_arrival_simple_e, layout_loops_ring, serial_rivers,
          chequers_serial_rivers_small_b, chequers_serial_rivers_micro_c,
          chequers_serial_rivers_room_a, chequers_serial_rivers_micro_a,
          chequers_serial_rivers_micro_b, chequers_serial_rivers_room_a,
          grunt_decor_clamped
D:2:      minmay_door_path, layout_basic, basic_altar,
          shapermc_ecumenical_altar_starsandcircs
D:3:      layout_loops_ring, lemuel_doored_altar, serial_shops,
          nicolae_shop_statue_plus, due_unseen_surprise

Skill      XL: |  1  2  3 |
---------------+----------+-----
Fighting       | 4 |  4.2
Armour         | 4 |  4.5
Shields        | 4 |  4.5
Long Blades    | 3 |  3.2

Action                   |  1- 3 |  4- 6 || total
-------------------------+-------+-------++-------
Melee: Long sword        |    89 |    25 ||   114
       Headbutt          |     6 |     3 ||     9
Armor: Scale mail        |    42 |     8 ||    50
Dodge: Dodged            |    34 |     5 ||    39
Block: Kite shield       |    50 |    17 ||    67
       Rpst.: Long sword |     4 |     1 ||     5

Table legend: (Time is in decaauts)
 A = Elapsed time spent in this place.
 B = Non-inter-level travel time spent in this place.
 C = Inter-level travel time spent in this place.
 D = Time resting spent in this place.
 E = Time spent auto-exploring this place.
 F = Levels seen in this place.
 G = Mean time per level.
                   A        B        C        D        E       F      G
               +--------+--------+--------+--------+--------+-----+--------+
         Total |   3062 |   3024 |     38 |    388 |   2251 |   3 | 1020.7 |
       Dungeon |   3062 |   3024 |     38 |    388 |   2251 |   3 | 1020.7 |
               +--------+--------+--------+--------+--------+-----+--------+

Top non-repeatable levels by time:
     D:2: 1273 daAuts
     D:1: 1151 daAuts
     D:3: 637 daAuts
